 Dungeon Crawl Stone Soup version 0.22-a0-271-gc000056 (webtiles) character file.

201 4thArraOfDagon the Digger (level 5, 0/35 HPs)
             Began as a Barachi Earth Elementalist on Mar 11, 2018.
             Was a Believer of Cheibriados (penitent).
             Slain by Purgy (1 damage)
             ... in a sewer.
             The game lasted 00:10:03 (1727 turns).

4thArraOfDagon the Digger (BaEE)                    Turns: 1727, Time: 00:10:03

Health: 0/35       AC:  3    Str:  9    XL:     5   Next: 79%
Magic:  5/9        EV: 12    Int: 17    God:    Cheibriados [*]
Gold:   163        SH:  0    Dex: 12    Spells: 1/10 levels left

rFire    . . .     SeeInvis .     - Unarmed
rCold    . . .     Gourm    .   (no shield)
rNeg     . . .     Faith    .   c - +1 robe
rPois    .         Spirit   .   (no helmet)
rElec    .         Reflect  .   (no cloak)
rCorr    .         Harm     .   o - -1 pair of gloves (curse)
MR       .....                  (no boots)
Stlth    ++........             r - amulet of inaccuracy (curse)
HPRegen  0.11/turn              (no ring)
MPRegen  0.11/turn              (no ring)

@: berserk cooldown, hasted and slowed, very slow
A: +LOS, swims, slowness 1, strong legs 1
a: Hop, Renounce Religion


You were in a sewer.
You worshipped Cheibriados.
Cheibriados was demanding penance.
You were not hungry.

You visited 2 branches of the dungeon, and saw 5 of its levels.
You also visited: Sewer.

You collected 163 gold pieces.

Inventory:

Missiles
 m - 8 javelins of penetration (quivered)
Armour
 c - a +1 robe (worn)
 f - a +0 hat
 o - a cursed -1 pair of gloves (worn)
 p - a +0 ring mail
Jewellery
 r - a cursed amulet of inaccuracy (around neck)
Potions
 a - a potion of cancellation {unknown}
 e - a potion of haste
 h - a potion of heal wounds {unknown}
 j - a potion of curing
Comestibles
 d - 5 rations


   Skills:
 - Level 2.1 Dodging
 - Level 1.7 Stealth
 * Level 2.2 Unarmed Combat
 - Level 3.2 Spellcasting
   Level 1.1 Transmutations
 * Level 5.2 Earth Magic


You had one spell level left.
You knew the following spells:

 Your Spells              Type           Power        Failure   Level  Hunger
a - Sandblast             Erth           ###...       1%          1    None
b - Stone Arrow           Conj/Erth      ##....       17%         3    ###....
c - Lee's Rapid Deconstr  Erth           ###.......   47%         5    ######.


Dungeon Overview and Level Annotations

Branches:
Dungeon (4/15)             Temple (1/1) D:4

Altars:
Cheibriados
Hepliaklqana
Kikubaaqudgha
Ru
Xom

Annotations:
Sewer Purgy


Innate Abilities, Weirdness & Mutations

Shadows flee at your approach. (+LOS)
You can swim through water.
You cover ground slowly.
You can hop short distances.


Message History

Purgy is almost dead.
Purgy closely misses you. Purgy claws you but does no damage. x2
You hit Purgy.
Purgy is almost dead.
You are no longer berserk.
You are exhausted.
You feel yourself slow down. Purgy bites you! Purgy claws you.
* * * LOW HITPOINT WARNING * * *
Purgy claws you but does no damage.
Unknown command.
You feel yourself speed up.
Cheibriados thinks you should slow down.
You feel extremely guilty. "You will pay for your transgression, mortal!"
Purgy bites you!
* * * LOW HITPOINT WARNING * * *
Purgy claws you.
* * * LOW HITPOINT WARNING * * *
Purgy claws you.
You die...

#≈≈≈#
#############
#..'.≈≈≈.'..#
####.≈≈≈.####
####.≈≈≈.####
#).'.≈≈≈.'..#
####.≈≈≈.####
####.≈≈≈.####
#@TK.≈≈≈.'..#
####.≈≈≈.####
#.≈≈≈.####
+..∩....∩#
#.≈≈≈.####
#.≈≈≈.#
+.≈≈≈.+
#.≈≈≈.#
#.≈≈≈.#


You could see Purgy and a kobold.

Vanquished Creatures
  A big kobold (Sewer)
  A worker ant (D:4)
  3 adders
  A dart slug (D:3)
  2 leopard geckos
  An orc (D:2)
  10 bats
  5 giant cockroaches
  10 goblins
  10 hobgoblins
  2 jackals (D:2)
  3 quokkas
  2 ball pythons
  3 frilled lizards
  4 kobolds
  A quokka skeleton (D:4)
  18 rats
77 creatures vanquished.

Notes
Turn   | Place    | Note
-------+----------+-------------------------------------------
     0 | D:1      | 4thArraOfDagon the Barachi Earth Elementalist began the quest for the Orb.
     0 | D:1      | Reached XP level 1. HP: 13/13 MP: 3/3
     2 | D:1      | Noticed a draconian
     4 | D:1      | Noticed a vine stalker
     4 | D:1      | Noticed an elf
     6 | D:1      | Noticed a tengu
     8 | D:1      | Noticed an ogre
    10 | D:1      | Noticed a gargoyle
    10 | D:1      | Noticed a demonspawn
    12 | D:1      | Noticed a demigod
    12 | D:1      | Noticed a formicid
    14 | D:1      | Noticed a felid
    14 | D:1      | Noticed a spriggan
    16 | D:1      | Noticed an octopode
    18 | D:1      | Noticed a merfolk
    18 | D:1      | Noticed a dwarf
    20 | D:1      | Noticed a ghoul
    20 | D:1      | Noticed a vampire
    22 | D:1      | Noticed a centaur
    22 | D:1      | Noticed a troll
    24 | D:1      | Noticed a human
    24 | D:1      | Noticed a naga
    26 | D:1      | Noticed a minotaur
    26 | D:1      | Noticed a halfling
   106 | D:1      | Reached XP level 2. HP: 19/19 MP: 0/5
   248 | D:3      | Found a snail-covered altar of Cheibriados.
   250 | D:3      | Became a worshipper of Cheibriados the Contemplative
   327 | D:2      | Reached XP level 3. HP: 22/24 MP: 0/7
   388 | D:2      | Reached skill level 4 in Earth Magic
   469 | D:2      | Reached * piety under Cheibriados
   485 | D:2      | Learned a level 3 spell: Stone Arrow
   612 | D:1      | Reached XP level 4. HP: 16/30 MP: 4/8
   746 | D:1      | Found a shimmering altar of Xom.
   918 | D:2      | Reached ** piety under Cheibriados
  1170 | D:4      | Found a staircase to the Ecumenical Temple.
  1178 | Temple   | Entered the Ecumenical Temple
  1364 | D:4      | Reached skill level 1 in Unarmed Combat
  1364 | D:4      | Reached XP level 5. HP: 15/35 MP: 0/9
  1505 | D:4      | Found a glowing drain.
  1510 | Sewer    | Entered a sewer
  1534 | Sewer    | Noticed a big kobold
  1559 | Sewer    | Killed a big kobold
  1559 | Sewer    | Reached *** piety under Cheibriados
  1559 | Sewer    | Reached skill level 5 in Earth Magic
  1670 | Sewer    | Noticed Purgy
  1679 | Sewer    | Learned a level 5 spell: Lee's Rapid Deconstruction
  1714 | Sewer    | Was placed under penance by Cheibriados
  1727 | Sewer    | HP: 1/35 [Purgy (2)]
  1727 | Sewer    | Slain by Purgy

Vault maps used:
D:1:      kb_arrival_jail, hangedman_glass_teeth, xom_teletrap_fun
D:2:      first_ration
D:3:      evilmike_ruin_ashenzari, st_stairs_9, minmay_crystal_water,
          kennysheep_slug_shrine
D:4:      temple_green, portal_sewer_entry_e
Temple:   minmay_temple_forest_path
Sewer:    kennysheep_door_sewer

Skill      XL: |  1  2  3  4  5 |
---------------+----------------+-----
Earth Magic    | 4 5 |  5.2
Spellcasting   | 3 |  3.2
Unarmed Combat | 1 2 |  2.2
Dodging        | |  2.1
Stealth        | |  1.7
Transmutations | |  1.1

Action                   |  1- 3 |  4- 6 || total
-------------------------+-------+-------++-------
Melee: Unarmed           |    17 |   125 ||   142
       Punch             |       |     1 ||     1
Throw: Javelin           |       |    14 ||    14
 Cast: Sandblast         |    40 |     8 ||    48
       Stone Arrow       |     3 |    29 ||    32
       Lee's Rapid Decon |       |     1 ||     1
 Abil: Hop               |       |     2 ||     2
  Use: Scroll            |       |     8 ||     8
       Potion            |       |     5 ||     5
 Stab: Sleeping          |       |     1 ||     1
  Eat: Chunk             |       |     5 ||     5
Armor: Robe              |     2 |    35 ||    37
       Skin              |       |     4 ||     4
Dodge: Dodged            |    30 |   158 ||   188

Table legend:
 A = Spawn XP
 B = Non-spawn XP
 C = Spawn XP percentage of total XP
 D = Spawn monster count
 E = Non-spawn monster count
 F = Spawn count percentage of total count
 G = Total turns spent on level
                    A         B        C        D         E        F      G
               +---------+---------+-------+---------+---------+-------+---------
         Total |       0 |     288 |   0.0 |       0 |      77 |   0.0 |  1727
               +---------+---------+-------+---------+---------+-------+---------
           D:1 |       0 |      47 |   0.0 |       0 |      28 |   0.0 |   529
           D:2 |       0 |      59 |   0.0 |       0 |      23 |   0.0 |   470
           D:3 |       0 |      31 |   0.0 |       0 |      12 |   0.0 |   159
           D:4 |       0 |      49 |   0.0 |       0 |      12 |   0.0 |   296
         Sewer |       0 |     102 |   0.0 |       0 |       2 |   0.0 |   217
               +---------+---------+-------+---------+---------+-------+---------
